AoeStats
← [GG] Shevchenko 7

MegaRandom

509796517Analyzed
2v2 RM · 5d ago on Sep 28, 2026· 20m 28s· 4 players
Game mode
Random Map
Map size
Medium (4 player)
Population
200
Speed
Normal
Resources
Standard
Victory
Conquest
Starting age
Dark Age
Ending age
Imperial Age
RankedLock teamsTeams togetherTeam positionsShared explorationLock speedFull tech treeHidden civsTurbo modeCheats
Victory
Defeat
🇧🇷 Franks · Brazil
946
+14
912
+16
🇲🇽 Britons · Mexico
910
-15
🇵🇪 Bohemians · Peru
900
-15
LORD SAIRE H.
6:16 Loom
9:36 Feudal Age
10:28 Man-at-Arms
17:43 Castle Age
15:44 Double-Bit Axe
De ToChO mOrOcHo
[GG] Raúl González Blanco
6:53 Loom
8:53 Feudal Age
9:23 Town Watch
14:02 Bloodlines
14:12 Scale Barding Armor
15:51 Forging
17:18 Wheelbarrow
19:28 Castle Age
17:33 Horse Collar
19:05 Double-Bit Axe
19:44 Pikeman
[GG] Shevchenko 7
0:44 Loom
9:45 Feudal Age
17:40 Castle Age
17:11 Scale Barding Armor
17:17 Forging
18:50 Husbandry
19:01 Pikeman
19:42 Squires
19:45 Scale Mail Armor
Connection lost

Rejoining the realm…

Still unreachable

The connection could not be restored.

Session expired

The server has moved on; the page needs a fresh start.